 Dungeon Crawl Stone Soup version 0.23-a0-650-ga4d50d4d25 (webtiles) character file.

296 Notair the Chopper (level 6, -1/79 HPs)
             Began as a Minotaur Gladiator on Jan 7, 2019.
             Killed from afar by an orc wizard (5 damage)
             ... with a magic dart
             ... on level 3 of the Dungeon.
             The game lasted 00:06:57 (3074 turns).

Notair the Chopper (Minotaur Gladiator)             Turns: 3074, Time: 00:06:57

Health: -1/79      AC: 23    Str: 15 (18) XL:     6   Next: 12%
Magic:  5/5        EV:  2    Int: 12      God:
Gold:   73         SH:  0    Dex: 11 (12) Spells: 5/5 levels left

rFire    . . .     SeeInvis .   a - +0 war axe
rCold    . . .     Gourm    .   (no shield)
rNeg     + + +     Faith    .   (armour currently unavailable)
rPois    +         Spirit   .   (helmet currently unavailable)
rElec    .         Reflect  .   (cloak currently unavailable)
rCorr    .         Harm     .   (gloves currently unavailable)
MR       .....     NoTele   +   (boots currently unavailable)
Stlth    +.........             (no amulet)
HPRegen  0.23/turn              (no ring)
MPRegen  0.09/turn              (no ring)

@: brilliant, lethally poisoned (-1 -> -2), tree-form
A: (retaliatory headbutt)
a: no special abilities


You were on level 3 of the Dungeon.
You were very hungry.
You were a tree.
You visited 1 branch of the dungeon, and saw 4 of its levels.

You collected 73 gold pieces.

Inventory:

Hand Weapons
 a - a +0 war axe (weapon)
 s - a cursed -1 hunting sling
Missiles
 d - 5 throwing nets
 g - 93 stones (quivered)
 j - 22 sling bullets
 q - 31 bolts
 r - 30 arrows
Armour
 c - a +0 hat (melded)
 e - a +0 scale mail (melded)
Jewellery
 t - an uncursed amulet of rage {unknown}
 x - a +2 ring of slaying {unknown}
Scrolls
 h - a scroll of fog {unknown}
 i - a scroll of teleportation
 l - a scroll of fear {unknown}
 m - a scroll of noise {unknown}
 p - 6 scrolls of identify {unknown}
 u - a scroll of magic mapping {unknown}
 w - a scroll of remove curse {unknown}
 y - a scroll of enchant armour {unknown}
 B - a scroll of amnesia {unknown}
Potions
 k - a potion of invisibility {unknown}
 n - a potion of flight {unknown}
 o - 2 potions of cancellation
 z - 2 potions of brilliance
Comestibles
 f - 5 rations


   Skills:
 + Level 4.3 Fighting
 * Level 6.4 Axes
 - Level 2.0 Throwing
 + Level 3.3 Armour
 - Level 3.2 Dodging


You had 5 spell levels left.
You didn't know any spells.
Your spell library was empty.

Dungeon Overview and Level Annotations

Branches:
Dungeon (4/15)
 Temple: D:4-7

Altars:
Qazlal
Trog
The Shining One


Innate Abilities, Weirdness & Mutations

((You reflexively headbutt those who attack you in melee.))
((You have a pair of horns on your head.))


Message History

You feel clever all of a sudden. Something hits you but does no damage.
It was a potion of lignification.
You turn into a tree.
Your +0 hat melds into your body.
Your +0 scale mail melds into your body.
Your roots penetrate the ground.
You feel sick. Something hits you but does no damage.
You closely miss something.
You feel sick. Something hits you but does no damage.
You barely miss something.
You feel sick. Something completely misses you.
You miss something.
Something hits you but does no damage. x2
You closely miss something.
You feel sick. Something hits you but does no damage.
You barely miss something.
You feel sick. Something hits you but does no damage.
You slash something!
You hear some strange, mumbled words.
A magic dart appears from out of thin air!
The magic dart hits you!
You die...

#.......†..# #.# #.#
..########## #.# #.# ###
#.# #.# ##############.#
#.# .).............# #.#
)#############.# #.# )#
#..†..# #.# #.#
#####.###.####.#######.#
#............#♣.....[#
#.#.###.######{#######
###.#.# #.######.#
....#.# #........#
......# ##########
#######


There were no monsters in sight!

Vanquished Creatures
  A scorpion (D:4)
  A worker ant (D:3)
  4 gnolls (D:3)
  7 adders
  2 oozes (D:1)
  2 worms
  4 dart slugs
  4 leopard geckos
  5 orcs (D:3)
  7 bats
  6 giant cockroaches
  13 goblins
  6 hobgoblins
  8 jackals
  3 kobolds (D:1)
  6 quokkas
  5 frilled lizards
  10 rats
94 creatures vanquished.

Notes
Turn   | Place    | Note
-------+----------+-------------------------------------------
     0 | D:1      | Notair the Minotaur Gladiator began the quest for the Orb.
     0 | D:1      | Reached XP level 1. HP: 18/18 MP: 0/0
   229 | D:1      | Reached skill level 4 in Axes
   231 | D:1      | Reached XP level 2. HP: 13/25 MP: 1/1
   232 | D:1      | Reached skill level 1 in Armour
   602 | D:1      | Reached XP level 3. HP: 26/31 MP: 2/2
  1129 | D:2      | Reached XP level 4. HP: 25/38 MP: 3/3
  1178 | D:2      | Reached skill level 5 in Axes
  1892 | D:2      | Found a glowing golden altar of the Shining One.
  2119 | D:3      | Found a stormy altar of Qazlal.
  2246 | D:3      | Reached XP level 5. HP: 40/46 MP: 4/4
  2499 | D:3      | Found a bloodstained altar of Trog.
  2627 | D:3      | Reached skill level 6 in Axes
  2994 | D:4      | Noticed an ogre
  3059 | D:4      | Reached XP level 6. HP: 25/52 MP: 5/5
  3074 | D:3      | Killed from afar by an orc wizard

Vault maps used:
D:1:      onia_arrival_mini_maze_b
D:2:      minmay_alternating_diamond, tso_oasis_becter
D:3:      lemuel_crystal_altar, grunt_qazlal_clouds
D:4:      minmay_wonky_spiral, overflow_temple_1_default,
          minmay_temple_entry_slanted, serial_curves, eino_curves_02,
          eino_curves_04, first_ration

Skill      XL: |  1  2  3  4  5 |
---------------+----------------+-----
Axes           | 4 5 6 |  6.4
Armour         | 1 2 3 |  3.3
Fighting       | 3 4 |  4.3
Throwing       | |  2.0
Dodging        | |  3.2

Action                   |  1- 3 |  4- 6 || total
-------------------------+-------+-------++-------
Melee: War axe           |    79 |   138 ||   217
       Headbutt          |     5 |    16 ||    21
Throw: Stone             |     9 |       ||     9
       Throwing net      |     1 |       ||     1
  Use: Potion            |       |     5 ||     5
       Scroll            |       |     1 ||     1
 Stab: Sleeping          |     1 |       ||     1
  Eat: Chunk             |       |     6 ||     6
Armor: Leather armour    |    13 |     5 ||    18
       Scale mail        |       |    50 ||    50
       Skin              |       |     4 ||     4
Dodge: Dodged            |    52 |    85 ||   137

Table legend:
 A = Non-vault XP
 B = Vault XP
 C = Vault XP percentage of total XP
 D = Non-vault monster count
 E = Vault monster count
 F = Vault count percentage of total count
                 A         B        C        D         E       F
            +---------+---------+-------+---------+---------+-------
      Total |     406 |      17 |   4.0 |      91 |       3 |   3.2
            +---------+---------+-------+---------+---------+-------
        D:1 |      64 |       0 |   0.0 |      27 |       0 |   0.0
        D:2 |      86 |      17 |  16.5 |      25 |       3 |  10.7
        D:3 |     188 |       0 |   0.0 |      37 |       0 |   0.0
        D:4 |      68 |       0 |   0.0 |       2 |       0 |   0.0
            +---------+---------+-------+---------+---------+-------
